 Dungeon Crawl Stone Soup version 0.16.1-4-g8e1b745 (webtiles) character file.

266 Fanu the Chiller (level 6, -7/41 HPs)
             Began as a Merfolk Ice Elementalist on Mar 26, 2015.
             Was a Follower of Vehumet.
             Mangled by a worker ant (8 damage)
             ... on level 4 of the Dungeon.
             The game lasted 00:23:49 (4669 turns).

Fanu the Chiller (Merfolk Ice Elementalist)         Turns: 4669, Time: 00:23:49

Health: -7/41      AC:  2    Str:  9    XL:     6   Next: 20%
Magic:  12/12      EV: 14    Int: 16    God:    Vehumet [*.....]
Gold:   216        SH:  0    Dex: 14    Spells: 3 memorised, 3 levels left

rFire  . . .     SeeInvis .     h - +0 spear
rCold  . . .     Clarity  .     a - +0 robe
rNeg   . . .     SustAb   .     (no shield)
rPois  .         Gourm    .     (no helmet)
rElec  .         Spirit   .     (no cloak)
rCorr  .         Warding  .     (no gloves)
rMut   .         Stasis   .     (no boots)
MR     .....                    (no amulet)
Stlth  ++........               (no ring)
                                (no ring)

@: lethally poisoned (-7 -> -22), not resistant to hostile enchantments,
unstealthy
A: change form in water, swift swim
a: Renounce Religion


You were on level 4 of the Dungeon.
You worshipped Vehumet.
Vehumet was aware of your devotion.
You were very hungry.

You visited 1 branch of the dungeon, and saw 4 of its levels.

You collected 216 gold pieces.

Inventory:

Hand weapons
 h - a +0 spear (weapon)
 p - a +0 dagger
 A - a +2 flail of protection
Armour
 a - a +0 robe (worn)
 s - a +0 leather armour
Jewellery
 t - an uncursed ring of poison resistance {unknown}
Scrolls
 g - a scroll of enchant weapon {unknown}
 i - a scroll of teleportation {unknown}
 j - 3 scrolls of magic mapping {unknown}
 m - a scroll of remove curse {unknown}
 o - 5 scrolls of identify {unknown}
 r - a scroll of recharging {unknown}
 v - a scroll of blinking {unknown}
 y - a scroll of amnesia {unknown}
 z - a scroll of immolation {unknown}
Potions
 d - 5 potions of curing {unknown}
 e - a potion of haste {unknown}
 f - a potion of resistance
 l - a potion of cure mutation {unknown}
 n - a potion of ambrosia {unknown}
 q - a potion of flight {unknown}
 u - a potion of magic {unknown}
 w - a potion of lignification {unknown}
Books
 b - a book of Frost

   Spells                             Type                      Level
   a - Freeze                         Ice                          1
   b - Throw Frost                    Conjuration/Ice              2
   c - Ozocubu's Armour               Charms/Ice                   3
   d - Throw Icicle                   Conjuration/Ice              4
   e - Summon Ice Beast               Ice/Summoning                4
   f - Condensation Shield            Ice                          4
Comestibles
 c - 3 bread rations
 k - a beef jerky


   Skills:
 - Level 4.9 Dodging
 - Level 2.1 Stealth
 - Level 3.0 Spellcasting
 + Level 1.6 Conjurations
 + Level 5.4 Ice Magic


You had 3 spell levels left.
You knew the following spells:

 Your Spells              Type           Power        Failure   Level  Hunger
a - Freeze                Ice            ###.         1%          1    #......
b - Ozocubu's Armour      Chrm/Ice       ##......     21%         3    ###....
c - Throw Icicle          Conj/Ice       ##......     50%         4    #####..


Dungeon Overview and Level Annotations

Branches:
Dungeon (4/15)
 Temple: D:4-7

Altars:
Cheibriados
Trog
Vehumet


Message History

The worker ant poisons you! The kobold hits you with a short sword.
The worker ant bites you.
You are lethally poisoned!
The worker ant poisons you! The kobold hits you with a short sword.
You hit the worker ant.
The worker ant is heavily wounded.
* * * LOW HITPOINT WARNING * * *
You feel sick. The worker ant barely misses you. The kobold barely misses you.
You barely miss the worker ant.
The worker ant is heavily wounded.
* * * LOW HITPOINT WARNING * * *
You feel sick. The worker ant bites you.
* * * LOW HITPOINT WARNING * * *
The kobold hits you with a short sword.
* * * LOW HITPOINT WARNING * * *
You closely miss the worker ant.
The worker ant is heavily wounded.
* * * LOW HITPOINT WARNING * * *
You feel sick. The worker ant bites you!
You die...

.#................#..#...######
.................###.#....#
........(........###......#
###..........#....##......#
.##.<........#............##
...........................#
...........#.............###
##..................#...##
..#####........a@...##..#
.##≈≈≈##.......K........##
##≈≈.≈≈##.......##.......##
#≈≈.#.≈≈##.....###....##.(##
≈≈.....≈≈##....(......#.#..##
≈...#...≈≈##..##..(.....##(.##
...≈.≈...≈≈##..#....#..####).#
..≈...≈...≈≈##.#....(#..###..#
.≈.....≈...≈≈#......###......#


You could see a worker ant and a kobold.

Vanquished Creatures
  A giant frog skeleton (D:4)
  A worker ant (D:3)
  8 adders
  A giant mite (D:4)
  6 worms
  4 giant geckos
  An ooze (D:1)
  10 orcs
  5 giant cockroaches
  8 hobgoblins
  13 kobolds
  2 ball pythons
  8 bats
  A giant gecko skeleton (D:4)
  4 giant newts
  10 goblins
  3 quokkas
  9 rats
95 creatures vanquished.

Notes
Turn   | Place    | Note
--------------------------------------------------------------
     0 | D:1      | Fanu, the Merfolk Ice Elementalist, began the quest for the Orb.
     0 | D:1      | Reached XP level 1. HP: 13/13 MP: 3/3
   258 | D:1      | Reached XP level 2. HP: 13/19 MP: 2/4
   781 | D:1      | Reached XP level 3. HP: 24/24 MP: 1/6
   801 | D:1      | Learned a level 3 spell: Ozocubu's Armour
   877 | D:2      | Reached skill level 4 in Ice Magic
  1155 | D:2      | Reached XP level 4. HP: 21/30 MP: 7/9
  1983 | D:2      | Found a bloodstained altar of Trog.
  1983 | D:2      | Found a snail-covered altar of Cheibriados.
  2219 | D:2      | Found a radiant altar of Vehumet.
  2228 | D:2      | Became a worshipper of Vehumet
  2548 | D:3      | Reached XP level 5. HP: 35/35 MP: 6/11
  2607 | D:3      | Learned a level 4 spell: Throw Icicle
  3245 | D:3      | Reached skill level 5 in Ice Magic
  3347 | D:4      | Reached skill level 1 in Conjurations
  4008 | D:4      | Acquired Vehumet's first power
  4008 | D:4      | Offered knowledge of Sting by Vehumet.
  4143 | D:4      | Found a snail-covered altar of Cheibriados.
  4159 | D:4      | Reached XP level 6. HP: 31/41 MP: 9/12
  4380 | D:4      | Upgraded the game from 0.16.1-2-g95b8d4c to 0.16.1-4-g8e1b745
  4669 | D:4      | HP: 1/41 [poisoned by a worker ant]
  4669 | D:4      | Mangled by a worker ant

Action                   |  1- 3 |  4- 6 || total
-------------------------+-------+-------++-------
Melee: Spear             |    86 |   206 ||   292
       Unarmed           |     1 |       ||     1
 Cast: Freeze            |    29 |    71 ||   100
       Ozocubu's Armour  |       |     1 ||     1
 Stab: Sleeping          |     3 |     1 ||     4
       Distracted        |       |     1 ||     1
  Eat: Chunk             |     1 |    11 ||    12
